 Dungeon Crawl Stone Soup version 0.31-a0-37-g98a128e1d9 (webtiles) character file.

Game seed: 104474782374814137

487 porpoise the Sneak (level 7, -2/36 HPs)
             Began as a Kobold Enchanter on May 16, 2023.
             Slain by an ogre
             ... wielding a +0 giant club
              (29 damage)
             ... on level 4 of the Dungeon.
             The game lasted 00:10:30 (2796 turns).

porpoise the Sneak (Kobold Enchanter)               Turns: 2796, Time: 00:10:31

Health: -2/36      AC:  3    Str:  6    XL:     7   Next: 36%
Magic:  8/11       EV: 15    Int: 18    God:
Gold:   142        SH:  5    Dex: 15    Spells: 4/12 levels left

rFire   . . .        a - +1 dagger
rCold   . . .        (no shield)
rNeg    . . .        j - +1 robe
rPois   .            (no helmet)
rElec   .            (no cloak)
rCorr   .            (no gloves)
SInv    .            (no boots)
Will    .....        o - amulet of reflection
Stlth   ++++         (no ring)
HPRegen 0.26/turn    (no ring)
MPRegen 0.12/turn

%: reflection
@: confusing by touch
A: small, no large weapons, nightstalker 3
a: no special abilities


You were on level 4 of the Dungeon.
You visited 1 branch of the dungeon, and saw 4 of its levels.

You collected 142 gold pieces.

Inventory:

Hand Weapons
 a - a +1 dagger (weapon)
 b - a +0 sling
Missiles
 h - 18 poisoned darts (quivered)
Armour
 j - a +1 robe (worn)
Jewellery
 o - an amulet of reflection (around neck)
Wands
 l - a wand of roots (8)
Scrolls
 d - a scroll of teleportation {unknown}
 e - a scroll of fear {unknown}
 f - a scroll of acquirement {unknown}
 i - a scroll of noise
 k - a scroll of enchant armour
 m - a scroll of poison {unknown}
 n - a scroll of brand weapon {unknown}
 p - a scroll of vulnerability {unknown}
 q - a scroll of fog {unknown}
 r - a scroll of immolation {unknown}
 s - a scroll of magic mapping {unknown}
Potions
 c - a potion of berserk rage {unknown}
 g - a potion of mutation
 t - a potion of haste {unknown}
 u - a potion of brilliance {unknown}


   Skills:
 - Level 1.9 Short Blades
 - Level 2.4 Dodging
 + Level 6.1 Stealth
 - Level 3.0 Spellcasting
 * Level 5.0 Hexes
 * Level 4.2 Ice Magic


You had 4 spell levels left.
You knew the following spells:

 Your Spells              Type           Power      Damage    Failure   Level
a - Confusing Touch       Hex            20%        N/A       6%          3
e - Ensorcelled Hibernat  Hex/Ice        38%        N/A       3%          2
t - Tukima's Dance        Hex            20%        N/A       6%          3

Your spell library contained the following spells:

 Spells                   Type           Power      Damage    Failure   Level
 Foxfire                  Conj/Fire      8%         2x1d4     16%         1
 Dazzling Flash           Conj/Hex       22%        N/A       17%         3
 Passage of Golubria      Tloc           2%         N/A       85%         4
 Yara's Violent Unravell  Hex/Tmut       5%         3d4       85%         5
 Fireball                 Conj/Fire      1%         3d3       99%         5
 Plasma Beam              Fire/Air       1%         2x1d12    100%        6
 Starburst                Conj/Fire      1%         6d3       100%        6


Dungeon Overview and Level Annotations

Branches:
Dungeon (4/15)
 Temple: D:4-7

Altars:

Annotations:
D:3 |dig


Innate Abilities, Weirdness & Mutations

You are small and have problems with some larger weapons.
You are completely attuned to the shadows.


Message History

The scorpion looks drowsy...
The helpless scorpion fails to defend itself.
You impale the scorpion!!
You kill the scorpion!
Your Hexes skill increases to level 5!
You start resting.
Magic restored.
h - 16 poisoned darts (gained 6)
Items here: ) †††.
v - a +0 club You drop a +0 club.
h - 17 poisoned darts (gained 1)
Items here: )) ††.
There is a stone staircase leading up here.
h - 18 poisoned darts (gained 1)
You now have 142 gold pieces (gained 11).
An ogre comes into view. It is wielding a +0 giant club.
You see here a wand of light (7).
The helpless ogre fails to defend itself.
You impale the ogre!!
The ogre is almost dead.
The ogre hits you with a +0 giant club!
Casting: Ensorcelled Hibernation (safe; 3% risk of failure)
Confirm with . or Enter, or press ? or * to list all spells.
Your hands begin to glow red.
The ogre misses you.
You hit the ogre but do no damage.
The ogre is almost dead.
You hit the ogre but do no damage.
The ogre is almost dead.
The ogre misses you.
You barely miss the ogre.
The ogre is almost dead.
You barely miss the ogre.
The ogre is almost dead.
The ogre misses you.
You hit the ogre but do no damage.
The ogre is almost dead.
The ogre hits you with a +0 giant club!!
Ouch! That really hurt!
You die...

# #####.# ..
##./@O.#
..####..#####
#......##
##..###
#...####
....#....##
############
########..##
#..........#
##..#
#..........#
##.#
#..........#


You could see an ogre.

Vanquished Creatures
  Grinder (D:3)
  Sigmund (D:3)
  A scorpion (D:4)
  3 adders
  2 dart slugs
  4 orcs (D:3)
  A ball python (D:3)
  7 bats
  7 endoplasms
  3 giant cockroaches
  2 goblins
  4 hobgoblins
  7 jackals
  4 kobolds
  A quokka (D:1)
  2 frilled lizards (D:1)
  3 rats
53 creatures vanquished.

Notes
Turn   | Place    | Note
-------+----------+-------------------------------------------
     0 | D:1      | porpoise the Kobold Enchanter began the quest for the Orb.
     0 | D:1      | Reached XP level 1. HP: 10/10 MP: 3/3
    49 | D:1      | Reached XP level 2. HP: 15/15 MP: 5/5
   161 | D:1      | Learned a level 2 spell: Ensorcelled Hibernation
   553 | D:1      | Reached XP level 3. HP: 19/19 MP: 6/6
   747 | D:1      | Reached skill level 1 in Ice Magic
  1822 | D:3      | Reached XP level 4. HP: 23/24 MP: 8/8
  1869 | D:3      | Noticed Grinder
  1895 | D:3      | Killed Grinder
  1896 | D:3      | Reached skill level 5 in Stealth
  1896 | D:3      | Reached XP level 5. HP: 28/28 MP: 9/9
  1896 | D:3      | Reached XP level 6. HP: 32/32 MP: 10/10
  1900 | D:3      | Learned a level 3 spell: Confusing Touch
  1904 | D:3      | Learned a level 3 spell: Tukima's Dance
  2098 | D:3      | Noticed Sigmund
  2107 | D:3      | Killed Sigmund
  2108 | D:3      | Reached XP level 7. HP: 22/36 MP: 5/11
  2244 | D:3      | Found a faded altar of an unknown god.
  2404 | D:3      | Reached skill level 6 in Stealth
  2710 | D:4      | Reached skill level 5 in Hexes
  2796 | D:4      | Slain by an ogre

Illustrated notes

Levels and vault maps discovered:
D:1:      giann_forest_graveyard, layout_basic
D:2:      layout_loops_ring
D:3:      layout_rooms, ebering_ecumenical_altar_ruins, item_on_display_a,
          uniq_sigmund, uniq_grinder
D:4:      layout_rooms, temple_statues

Skill      XL: |  1  2  3  4  5  6  7 |
---------------+----------------------+-----
Ice Magic      | 1 3 4 |  4.2
Spellcasting   | 3 |  3.0
Stealth        | 5 6 |  6.1
Hexes          | 4 5 |  5.0
Short Blades   | |  1.9
Dodging        | |  2.4

Action                     |  1- 3 |  4- 6 |  7- 9 || total
---------------------------+-------+-------+-------++-------
  Melee: Dagger            |    84 |    38 |    53 ||   175
         Punch             |     1 |       |       ||     1
  Throw: Dart              |       |     3 |     2 ||     5
   Cast: Ensorcelled Hiber |     6 |     4 |     6 ||    16
         Confusing Touch   |       |     1 |     1 ||     2
    Use: Scroll            |     4 |       |       ||     4
         Potion            |       |     1 |     2 ||     3
   Stab: Sleeping          |    19 |     4 |     9 ||    32
         Invisible         |       |     2 |     1 ||     3
 Armour: Robe              |     6 |     1 |     8 ||    15
  Dodge: Dodged            |    42 |    25 |    50 ||   117
  Block: Other             |     6 |     6 |    15 ||    27
         Reflection        |       |       |     1 ||     1

Table legend: (Time is in decaauts)
 A = Elapsed time spent in this place.
 B = Non-inter-level travel time spent in this place.
 C = Inter-level travel time spent in this place.
 D = Time resting spent in this place.
 E = Time spent auto-exploring this place.
 F = Levels seen in this place.
 G = Mean time per level.
                   A        B        C        D        E       F      G
               +--------+--------+--------+--------+--------+-----+--------+
         Total |   2777 |   2726 |     51 |    471 |   1815 |   4 |  694.2 |
       Dungeon |   2777 |   2726 |     51 |    471 |   1815 |   4 |  694.2 |
               +--------+--------+--------+--------+--------+-----+--------+

Top non-repeatable levels by time:
     D:1: 886 daAuts
     D:2: 857 daAuts
     D:3: 839 daAuts
     D:4: 195 daAuts
